 Dungeon Crawl Stone Soup version 0.26-a0-652-gafc20e3620 (webtiles) character file.

Game seed: 18225763280441239391

94 DogServant the Conjurer (level 4, -8/35 HPs)
             Began as a Human Conjurer on Oct 3, 2020.
             Mangled by a gnoll
             ... wielding a +0 spear
              (11 damage)
             ... on level 3 of the Dungeon.
             The game lasted 00:05:28 (2919 turns).

DogServant the Conjurer (Human Conjurer)            Turns: 2919, Time: 00:05:29

Health: -8/35      AC:  2    Str:  8    XL:     4   Next: 94%
Magic:  0/7        EV: 12    Int: 19    God:
Gold:   84         SH:  0    Dex: 11    Spells: 2/8 levels left

rFire    . . .     SeeInvis .   g - +0 whip (flame)
rCold    . . .     Faith    .   (no shield)
rNeg     . . .     Spirit   .   a - +0 robe
rPois    .         Reflect  .   (no helmet)
rElec    .         Harm     .   (no cloak)
rCorr    .         Rampage  .   (no gloves)
MR       .....     Clarity  +   (no boots)
Stlth    ++........             (no amulet)
HPRegen  0.11/turn              (no ring)
MPRegen  0.10/turn              (no ring)

@: about to teleport, flying
A: clarity, low mp 1, robust 1
a: no special abilities


You were on level 3 of the Dungeon.
You visited 1 branch of the dungeon, and saw 3 of its levels.

You collected 84 gold pieces.

Inventory:

Hand Weapons
 g - a +0 whip of flaming (weapon)
Armour
 a - a +0 robe (worn)
Jewellery
 j - an uncursed ring of magical power {unknown}
Wands
 i - a wand of polymorph (11)
Scrolls
 c - a scroll of amnesia
 f - a scroll of remove curse
 h - 2 scrolls of identify
 k - a scroll of immolation


   Skills:
 + Level 1.2 Fighting
 + Level 2.4 Dodging
 - Level 2.0 Stealth
 - Level 2.7 Spellcasting
 + Level 4.8 Conjurations
 + Level 1.2 Hexes


You had 2 spell levels left.
You knew the following spells:

 Your Spells              Type           Power        Failure   Level
a - Magic Dart            Conj           ###.         2%          1
b - Searing Ray           Conj           ###...       3%          2
c - Dazzling Flash        Conj/Hex       ##....       14%         3

Your spell library contained the following spells:

 Spells                   Type           Power        Failure   Level
 Confusing Touch          Hex            #.......     28%         3
 Fulminant Prism          Conj/Hex       ##........   41%         4
 Gell's Gravitas          Tloc           #.........   43%         3
 Iskenderun's Mystic Bla  Conj/Tloc      ##......     50%         4
 Petrify                  Tmut/Erth      #.......     83%         4
 Metabolic Englaciation   Hex/Ice        #.........   98%         5
 Yara's Violent Unravell  Hex/Tmut       #.........   98%         5


Dungeon Overview and Level Annotations

Branches:
Dungeon (3/15)

Altars:

Annotations:
D:3 Jessica, Robin


Innate Abilities, Weirdness & Mutations

You possess an exceptional clarity of mind.
Your magical capacity is low. (-10% MP)
You are robust. (+10% HP)


Message History

* * * LOW HITPOINT WARNING * * *
The gnoll closely misses you.
Jessica grins evilly.
You aren't carrying any potions.
You aren't carrying any potions.
Okay, then.
Casting: Searing Ray (safe; 3% risk of failure)
Confirm with . or Enter, or press ? or * to list all spells.
Press: ? - help, Shift-Dir - straight line, f - gnoll
Aim: a gnoll, wielding a +0 spear The searing ray hits the gnoll.
The gnoll is heavily wounded.
The searing ray hits the gnoll!
The gnoll is severely wounded. (Press . to maintain the ray.)
The adder closely misses you.
Jessica shouts, "You are a ghastly nuisance!"
The gnoll misses you.
The gnoll hits you from afar with a +0 spear!
You die...

#...#.## ..#
##
#..g#..##..#
#..........#
#..g.g@....#
##.###g#####
#.#
#.######.
#.#
#gg......
#.#
#g####.## #.
#@# #S# #.#
#.# #.. ...
..> ####


You could see Robin, 3 gnolls, an adder, Jessica (fast) and a goblin (strong).

Vanquished Creatures
  2 adders (D:2)
  A worm (D:2)
  2 dart slugs
  2 leopard geckos
  An orc (D:3)
  4 bats
  4 giant cockroaches
  18 goblins
  8 hobgoblins
  2 quokkas (D:2)
  3 frilled lizards
  7 kobolds
  5 rats
59 creatures vanquished.

Notes
Turn   | Place    | Note
-------+----------+-------------------------------------------
     0 | D:1      | DogServant the Human Conjurer began the quest for the Orb.
     0 | D:1      | Reached XP level 1. HP: 13/13 MP: 3/3
   238 | D:1      | Reached XP level 2. HP: 19/19 MP: 3/5
   761 | D:1      | Reached XP level 3. HP: 24/24 MP: 4/6
   854 | D:1      | Learned a level 2 spell: Searing Ray
  1317 | D:2      | Learned a level 3 spell: Dazzling Flash
  1859 | D:2      | Reached XP level 4. HP: 20/31 MP: 0/8
  2116 | D:2      | Reached skill level 1 in Fighting
  2397 | D:2      | Reached skill level 1 in Hexes
  2883 | D:3      | Noticed Robin
  2890 | D:3      | Noticed Jessica
  2904 | D:3      | Gained mutation: Your magical capacity is low. (-10% MP)
                  | [potion of mutation]
  2904 | D:3      | Gained mutation: You possess an exceptional clarity of
                  | mind. [potion of mutation]
  2904 | D:3      | Gained mutation: You are robust. (+10% HP) [potion of
                  | mutation]
  2919 | D:3      | Mangled by a gnoll

Illustrated notes

Levels and vault maps discovered:
D:1:      psy_arrival_basics, layout_loops_ring, minmay_misc_feat_doors
D:2:      cheibrodos_helix_gallery, layout_loops_corners
D:3:      layout_loops_ring, chequers_serial_rivers_micro_a, uniq_robin,
          uniq_sigmund, uniq_jessica

Skill      XL: |  1  2  3  4 |
---------------+-------------+-----
Fighting       | 1 |  1.2
Hexes          | 1 |  1.2
Dodging        | |  2.4
Stealth        | |  2.0
Spellcasting   | |  2.7
Conjurations   | |  4.8

Action                   |  1- 3 |  4- 6 || total
-------------------------+-------+-------++-------
Melee: Unarmed           |     7 |       ||     7
       Whip              |    15 |    21 ||    36
 Cast: Magic Dart        |    57 |    26 ||    83
       Searing Ray       |     3 |     5 ||     8
  Use: Scroll            |     2 |     3 ||     5
       Potion            |       |     2 ||     2
 Stab: Sleeping          |     1 |     2 ||     3
Armor: Robe              |     4 |     3 ||     7
Dodge: Dodged            |    16 |    28 ||    44

Table legend: (Time is in decaauts)
 A = Elapsed time spent in this place.
 B = Non-inter-level travel time spent in this place.
 C = Inter-level travel time spent in this place.
 D = Time resting spent in this place.
 E = Time spent auto-exploring this place.
 F = Levels seen in this place.
 G = Mean time per level.
                   A        B        C        D        E       F      G
               +--------+--------+--------+--------+--------+-----+--------+
         Total |   2920 |   2878 |     42 |    222 |   2324 |   3 |  973.3 |
       Dungeon |   2920 |   2878 |     42 |    222 |   2324 |   3 |  973.3 |
               +--------+--------+--------+--------+--------+-----+--------+

Top non-repeatable levels by time:
     D:2: 1512 daAuts
     D:1: 1236 daAuts
     D:3: 171 daAuts
